 Dungeon Crawl Stone Soup version 0.18.1-50-g88ac8fd (webtiles) character file.

104 Eviona the Changer (level 4, -5/36 HPs)
             Began as a Draconian Transmuter on Oct 24, 2016.
             Killed by nerve-wracking pain
             ... invoked by an orc priest
              (13 damage)
             ... on level 3 of the Dungeon.
             The game lasted 00:05:50 (2263 turns).

Eviona the Changer (Draconian Transmuter)           Turns: 2263, Time: 00:05:51

Health: -5/36      AC:  2    Str: 13    XL:     4   Next: 52%
Magic:  1/7        EV: 19    Int: 14    God:
Gold:   158        SH:  0    Dex: 16    Spells: 2 memorised, 3 levels left

rFire  . . .     SeeInvis .       - Unarmed
rCold  + . .     Gourm    .     (armour unavailable)
rNeg   . . .     Faith    +     (shield currently unavailable)
rPois  x         Spirit   .     (helmet currently unavailable)
rElec  .         Dismiss  .     (cloak currently unavailable)
rCorr  .         Reflect  .     (gloves currently unavailable)
SustAt .         Harm     .     (boots currently unavailable)
MR     .....                    z - amulet of faith
Stlth  +.........               t - ring of wizardry
                                d - ring of protection from cold

@: spider-form (expiring), very slightly contaminated, not resistant to hostile
enchantments, very unstealthy
A: unfitting armour, (cold-blooded), AC +5
a: End Transformation


You were on level 3 of the Dungeon.
You were hungry.
You were a venomous arachnid creature.
You visited 1 branch of the dungeon, and saw 3 of its levels.

You collected 158 gold pieces.

Inventory:

Missiles
 a - 12 arrows
 p - 132 stones (quivered)
Jewellery
 d - a ring of protection from cold (left front leg)
 i - an uncursed ring of teleportation
 m - a -2 ring of protection
 t - a ring of wizardry (right front leg)
 z - an amulet of faith (around neck)
Scrolls
 f - 5 scrolls of remove curse
 h - 2 scrolls of recharging {unknown}
 k - a scroll of random uselessness {unknown}
 n - a scroll of noise {unknown}
 q - a scroll of magic mapping {unknown}
 r - 2 scrolls of identify
 v - a scroll of fear {unknown}
 w - a scroll of blinking
 x - a scroll of enchant armour {unknown}
 y - a scroll of teleportation {unknown}
 B - a scroll of amnesia {unknown}
Potions
 e - 2 potions of might {unknown}
 g - a potion of lignification {unknown}
 j - a potion of agility {unknown}
 l - 2 potions of flight {unknown}
 o - a potion of haste {unknown}
 s - a potion of ambrosia {unknown}
Books
 b - a book of Changes

   Spells                             Type                      Level
   a - Beastly Appendage              Transmutation                1
   b - Sticks to Snakes               Transmutation                2
   c - Spider Form                    Transmutation/Poison         3
   d - Ice Form                       Ice/Transmutation            4
   e - Blade Hands                    Transmutation                5
Comestibles
 c - 3 bread rations
 u - a meat ration
 A - 7 chunks of flesh


   Skills:
 + Level 2.2 Fighting
 - Level 2.1 Dodging
 - Level 3.0 Unarmed Combat
 - Level 2.0 Spellcasting
 - Level 4.1 Transmutations


You had 3 spell levels left.
You knew the following spells:

 Your Spells              Type           Power        Failure   Level  Hunger
a - Beastly Appendage     Trmt           ##....       6%          1    ##.....
b - Spider Form           Trmt/Pois      #.........   24%         3    ####...


Dungeon Overview and Level Annotations

Branches:
Dungeon (3/15)

Altars:


Innate Abilities, Weirdness & Mutations

((Your plain brown scales are hard (AC +5).))
Your body does not fit into most forms of armour.
((You are cold-blooded and may be slowed by cold attacks.))


Message History

You closely miss the orc priest.
The orc priest mumbles some strange prayers to Beogh against you.
Pain shoots through your body!
You hit the orc priest.
The orc priest is poisoned.
The orc priest is moderately wounded.
You hit the orc priest but do no damage.
The orc priest looks even sicker.
The orc priest is moderately wounded.
The orc priest invokes the aid of Beogh against you.
Beogh smites you! The orc hits you with a hand axe.
* * * LOW HITPOINT WARNING * * *
The orc priest miscasts a cantrip.
There is an open door here.
Press: ? - help, v - describe, . - travel
Here: an orc, wielding a hand axe and wearing a leather armour The floor.
Your transformation is almost over.
The orc priest invokes the aid of Beogh against you.
Pain shoots through your body!
You die...

..................>..........# #.
...#..##...#.###.#.#############.
......##.###.###.#.#####.........
###......# #.....................
#......# #............#########
#......# #............#
###......###...oo.......#
.......o.....###'#......#
###.....###### #s.......# #.....#
###......# ##....# #....).#
........# ######## ####...o#
#...o# #....# #....# #....#


You could see an orc priest and an orc.

Vanquished Creatures
  Terence (D:2)
  An adder (D:2)
  2 oozes
  2 worms (D:2)
  A dart slug (D:2)
  3 giant geckos
  An orc (D:3)
  2 bats (D:2)
  3 giant cockroaches
  8 goblins
  3 hobgoblins
  7 jackals
  7 kobolds (D:2)
  A quokka (D:2)
  3 giant newts (D:1)
  3 rats (D:1)
48 creatures vanquished.

Notes
Turn   | Place    | Note
--------------------------------------------------------------
     0 | D:1      | Eviona the Draconian Transmuter began the quest for the Orb.
     0 | D:1      | Reached XP level 1. HP: 16/16 MP: 3/3
   336 | D:1      | Reached XP level 2. HP: 19/23 MP: 5/5
   945 | D:2      | Reached skill level 3 in Transmutations
   945 | D:2      | Reached XP level 3. HP: 23/28 MP: 6/6
   950 | D:2      | Learned a level 3 spell: Spider Form
  1456 | D:2      | Noticed Terence
  1470 | D:2      | Killed Terence
  1470 | D:2      | Reached skill level 4 in Transmutations
  1470 | D:2      | Reached XP level 4. HP: 20/35 MP: 3/7
  2263 | D:3      | Killed from afar by an orc priest

Skill      XL: |  1  2  3  4 |
---------------+-------------+-----
Dodging        | 2 |  2.1
Transmutations | 3 4 |  4.1
Fighting       | 2 |  2.2
Unarmed Combat | |  3.0
Spellcasting   | |  2.0

Action                   |  1- 3 |  4- 6 || total
-------------------------+-------+-------++-------
Melee: Unarmed           |   129 |    37 ||   166
       Tailslap          |    12 |     3 ||    15
       Punch             |       |     1 ||     1
Throw: Stone             |     2 |       ||     2
 Cast: Spider Form       |     4 |     5 ||     9
  Use: Scroll            |     4 |       ||     4
       Potion            |     1 |       ||     1
  Eat: Chunk             |     2 |     3 ||     5
Armor: Skin              |    17 |     5 ||    22
Dodge: Dodged            |    71 |    19 ||    90
